 Dungeon Crawl Stone Soup version 0.30.1-11-g7821555f0a (webtiles) character file.

Game seed: 7911260558891392992

2559 Peloso the Carver (level 9, 0/78 HPs)
             Began as a Minotaur Fighter on Dec 14, 2023.
             Was a Priest of Okawaru.
             Slain by a gnoll sergeant
             ... wielding a +0 trident
              (11 damage)
             ... on level 6 of the Dungeon.
             The game lasted 00:13:47 (5910 turns).

Peloso the Carver (Minotaur Fighter)                Turns: 5910, Time: 00:13:47

Health: 0/78       AC: 14    Str: 21    XL:     9   Next: 31%
Magic:  7/8        EV:  9    Int:  5    God:    Okawaru [***...]
Gold:   370        SH:  5    Dex: 14    Spells: 8/8 levels left

rFire   . . .        a - +1 long sword
rCold   . . .        d - +0 buckler
rNeg    . . .        c - +0 chain mail
rPois   +            q - +2 hat
rElec   .            (no cloak)
rCorr   .            y - +0 pair of gloves
SInv    .            (no boots)
Will    +....        (no amulet) Stlth
                     f - ring of willpower
HPRegen 0.33/turn    l - ring of poison resistance
MPRegen 0.11/turn

%: no passive effects
@: no status effects
A: horns 2, retaliatory headbutt
a: Renounce Religion, Heroism


You were on level 6 of the Dungeon.
You worshipped Okawaru.
Okawaru was most pleased with you.
You visited 1 branch of the dungeon, and saw 6 of its levels.
You also visited: Sewer.

You collected 475 gold pieces.
You spent 105 gold pieces at shops.

Inventory:

Hand Weapons
 a - a +1 long sword (weapon)
Armour
 b - a +0 scale mail
 c - a +0 chain mail (worn)
 d - a +0 buckler (worn)
 q - a +2 hat (worn)
 y - a +0 pair of gloves (worn)
Jewellery
 f - a ring of willpower (left hand)
 l - a ring of poison resistance (right hand)
 x - a ring of protection from cold
Wands
 j - a wand of iceblast (6)
Scrolls
 e - a scroll of fog
 g - 6 scrolls of teleportation
 h - a scroll of enchant weapon
 i - a scroll of enchant armour {unknown}
 p - a scroll of amnesia
Potions
 n - a potion of cancellation
 s - a potion of haste
 t - a potion of mutation
 u - a potion of brilliance
 w - a potion of curing {unknown}
 z - 2 potions of magic {unknown}
 A - 8 potions of flight


   Skills:
 + Level 6.8 Fighting
 + Level 9.2 Long Blades
 + Level 8.6 Armour
 + Level 3.0 Dodging
 + Level 1.2 Stealth
 + Level 6.3 Shields
 + Level 2.4 Evocations


You had 8 spell levels left.
You didn't know any spells.
Your spell library contained the following spells:

 Spells                   Type           Power      Damage    Failure   Level
 Slow                     Hex            0%         N/A       98%         1
 Ensorcelled Hibernation  Hex/Ice        0%         N/A       99%         2
 Passwall                 Tmut/Erth      0%         N/A       99%         2
 Confusing Touch          Hex            0%         N/A       100%        3
 Swiftness                Air            0%         N/A       100%        3
 Vampiric Draining        Necr           0%         2d6       100%        3


Dungeon Overview and Level Annotations

Branches:
Dungeon (6/15)             Temple (0/1) D:4           Sewer (visited)

Altars:
Gozag
Okawaru

Shops:
D:3 *


Innate Abilities, Weirdness & Mutations

You have a pair of horns on your head.
You reflexively headbutt those who attack you in melee.


Message History

Unknown command.
You hit the ice beast.
The ice beast is moderately wounded.
The gnoll sergeant hits you but does no damage.
The ice beast hits you but does no damage.
The orc barely misses you.
You closely miss the ice beast.
The ice beast is moderately wounded.
You slash the ice beast!
The ice beast is severely wounded.
The gnoll sergeant hits you from afar with a +0 trident.
The ice beast hits you. The ice beast freezes you.
* * * LOW HITPOINT WARNING * * *
The orc closely misses you.
You hit the ice beast.
The ice beast is almost dead.
The gnoll sergeant hits you from afar with a +0 trident!
* * * LOW HITPOINT WARNING * * *
The ice beast closely misses you. You furiously retaliate!
You headbutt the ice beast. The orc hits you but does no damage.
You slash the ice beast!
You kill the ice beast!
Okawaru accepts your kill.
The gnoll sergeant hits you from afar with a +0 trident.
* * * LOW HITPOINT WARNING * * *
You block the orc's attack.
Your Evocations skill increases to level 2!
You hit the orc.
The orc is severely wounded.
Unknown command.
You closely miss the orc.
The orc is severely wounded.
The orc hits you but does no damage. You block the gnoll sergeant's attack.
Unknown command.
You closely miss the orc. You headbutt the orc.
You kill the orc!
Okawaru accepts your kill.
You feel like a meek peon again.
The gnoll sergeant hits you from afar with a +0 trident!
You die...

........#.........#
........#...>.....#
#.......#.........#
#.......#.........#
#.......#.[.......#
#......$#.$.......#
#.......†.#...###..
#.###.###)#...# ..
#@....# #. #)#...#
.. g.#<..# #.
.#.....# K
..#....... .# ###.
##.. .# . .. .. [.


You could see a gnoll sergeant.

Vanquished Creatures
  A two-headed ogre (D:5)
  A manticore (D:6)
  A steam dragon (D:6)
  2 ice beasts
  2 black bears
  2 ogres (D:4)
  A killer bee (D:5)
  6 electric eels (D:5)
  6 hounds
  2 orc priests
  Jessica (D:2)
  An iguana (D:4)
  A sleepcap (D:6)
  An orc wizard (D:3)
  3 gnolls (D:3)
  14 adders
  3 river rats (Sewer)
  A worm (Sewer)
  3 dart slugs
  15 orcs
  16 ball pythons
  7 bats
  7 endoplasms
  6 giant cockroaches
  6 goblins
  10 hobgoblins
  5 jackals
  7 quokkas
  7 frilled lizards
  4 kobolds
  12 rats
  A spectral kobold (D:3)
155 creatures vanquished.

Notes
Turn   | Place    | Note
-------+----------+-------------------------------------------
     0 | D:1      | Peloso the Minotaur Fighter began the quest for the Orb.
     0 | D:1      | Reached XP level 1. HP: 19/19 MP: 0/0
   187 | D:1      | Reached XP level 2. HP: 27/27 MP: 1/1
   651 | D:1      | Reached skill level 3 in Long Blades
   700 | D:1      | Reached XP level 3. HP: 33/33 MP: 2/2
  1085 | D:2      | Found an opulent altar of Gozag.
  1208 | D:2      | Reached XP level 4. HP: 39/40 MP: 3/3
  1261 | D:2      | Noticed Jessica
  1267 | D:2      | Killed Jessica
  1804 | D:3      | You fall into a shaft and drop 1 floor!
  1839 | D:4      | Noticed a black bear
  1851 | D:4      | Killed a black bear
  1852 | D:4      | Reached skill level 4 in Long Blades
  1852 | D:4      | Reached XP level 5. HP: 47/47 MP: 4/4
  1856 | D:4      | Reached skill level 1 in Dodging
  1858 | D:4      | Reached skill level 5 in Long Blades
  1860 | D:4      | Reached skill level 5 in Armour
  1860 | D:4      | Reached XP level 6. HP: 53/53 MP: 5/5
  1876 | D:4      | Found an iron altar of Okawaru.
  1883 | D:4      | Became a worshipper of Warmaster Okawaru
  2059 | D:4      | Found a staircase to the Ecumenical Temple.
  2407 | D:4      | Reached skill level 5 in Shields
  2469 | D:4      | Reached skill level 6 in Long Blades
  2602 | D:3      | Reached skill level 1 in Stealth
  2602 | D:3      | Reached XP level 7. HP: 58/60 MP: 6/6
  2681 | D:3      | Reached skill level 5 in Fighting
  2715 | D:3      | Reached * piety under Okawaru
  2895 | D:3      | Found Luasixt's Assorted Antiques.
  2958 | D:3      | Bought a scroll labelled FUSOELOAMA for 27 gold pieces
  2958 | D:3      | Bought a scroll labelled WIN PUAHUEZAKK for 27 gold pieces
  2958 | D:3      | Bought a scroll labelled AKLIGU YD OMIN for 27 gold pieces
  2958 | D:3      | Bought a bubbling brown potion for 24 gold pieces
  3106 | D:3      | Found a faded altar of an unknown god.
  3440 | D:5      | Entered Level 5 of the Dungeon
  3543 | D:5      | Found a glowing drain.
  3597 | Sewer    | Entered a sewer
  4392 | D:5      | Reached skill level 7 in Long Blades
  4802 | D:5      | Reached XP level 8. HP: 35/69 MP: 7/7
  4920 | D:5      | Noticed a two-headed ogre
  4931 | D:5      | Killed a two-headed ogre
  4931 | D:5      | Reached ** piety under Okawaru
  4932 | D:5      | Reached skill level 8 in Long Blades
  5088 | D:5      | Reached skill level 1 in Evocations
  5874 | D:6      | Reached XP level 9. HP: 59/78 MP: 8/8
  5882 | D:6      | Noticed a manticore
  5896 | D:6      | Killed a manticore
  5896 | D:6      | Reached *** piety under Okawaru
  5897 | D:6      | Reached skill level 9 in Long Blades
  5910 | D:6      | Slain by a gnoll sergeant

Illustrated notes

Levels and vault maps discovered:
D:1:      elethiomel_arrival_quiet, layout_loops_corners, st_stairs_10,
          minmay_tetromino_o2
D:2:      layout_basic, basic_altar, uniq_jessica
D:3:      layout_loops_ring, dreamdust_ecumenical_altar_drowned_temple,
          serial_shops, nicolae_diamond_shop
D:4:      layout_basic, okawaru_trees_2, minmay_temple_entry_fiery
D:5:      cheibrodos_two_vegetables, layout_layer_cave, portal_sewer_entry_c
D:6:      layout_basic, enter_ossuary_2, minmay_chambers_of_fives

Skill      XL: |  1  2  3  4  5  6  7  8  9 |
---------------+----------------------------+-----
Shields        | 4 5 6 |  6.3
Long Blades    | 3 4 5 6 7 8 9 |  9.2
Armour         | 4 5 6 8 |  8.6
Fighting       | 4 5 6 |  6.8
Dodging        | 1 2 3 |  3.0
Stealth        | 1 |  1.2
Evocations     | 1 2 |  2.4

Action                     |  1- 3 |  4- 6 |  7- 9 || total
---------------------------+-------+-------+-------++-------
  Melee: Long sword        |   101 |    70 |   255 ||   426
         Headbutt          |     9 |     9 |    34 ||    52
 Invoke: Heroism           |       |       |     1 ||     1
  Evoke: Wand              |       |     2 |     8 ||    10
    Use: Potion            |       |     6 |     2 ||     8
         Scroll            |       |       |    12 ||    12
 Armour: Scale mail        |    62 |    29 |    20 ||   111
         Chain mail        |       |       |   163 ||   163
  Dodge: Dodged            |    41 |    26 |   137 ||   204
  Block: Buckler           |    31 |    15 |    73 ||   119
